 Dungeon Crawl Stone Soup version 0.28-a0-863-g8cecda6153 (webtiles) character file.

Game seed: 18109850315667105907

2520 solopath the Spear-Bearer (level 9, -1/63 HPs)
             Began as a Demonspawn Abyssal Knight on Nov 17, 2021.
             Was a Believer of Lugonu.
             Shot with a sling bullet by Joseph (11 damage)
             ... on level 7 of the Dungeon on Nov 18, 2021.
             The game lasted 00:20:20 (10100 turns).

solopath the Spear-Bearer (DsAK)                   Turns: 10100, Time: 00:20:20

Health: -1/63      AC: 10    Str: 19    XL:     9   Next: 29%
Magic:  14/14      EV: 11    Int: 15    God:    Lugonu [**....]
Gold:   1565       SH:  8    Dex: 14    Spells: 13/15 levels left

rFire   . . .      SeeInvis .   a - +1 spear
rCold   . . .      Faith    .   i - +3 buckler
rNeg    . . .      Spirit   .   b - +0 leather armour
rPois   .          Reflect  .   u - +0 helmet
rElec   .          Harm     .   g - +0 cloak
rCorr   .          Rampage  .   (no gloves)
Will    .....                   n - +0 pair of boots
Stlth   +.........              h - amulet of magic regeneration
HPRegen 0.20/turn               e - +4 ring of protection
MPRegen 0.39/turn               c - +6 ring of strength

@: no status effects
A: powered by pain 1, demonic magic 2, weakness stinger 1
a: Renounce Religion, Depart the Abyss, Bend Space


You were on level 7 of the Dungeon.
You worshipped Lugonu.
Lugonu was pleased with you.
You visited 2 branches of the dungeon, and saw 8 of its levels.
You visited the Abyss 1 time.

You collected 1565 gold pieces.

Inventory:

Hand Weapons
 a - a +1 spear (weapon)
Armour
 b - a +0 leather armour (worn)
 g - a +0 cloak (worn)
 i - a +3 buckler (worn)
 n - a +0 pair of boots (worn)
 u - a +0 helmet (worn)
Jewellery
 c - a +6 ring of strength (right hand)
 e - a +4 ring of protection (left hand)
 h - an amulet of magic regeneration (around neck)
Wands
 f - a wand of digging (3)
 k - a wand of flame (5)
Scrolls
 j - 8 scrolls of identify
 l - a scroll of amnesia
 o - 2 scrolls of teleportation
 p - a scroll of holy word
 q - a scroll of noise
 s - a scroll of summoning


   Skills:
 - Level 3.0 Fighting
 * Level 9.7 Polearms
 - Level 1.7 Armour
 - Level 0.8 Dodging
 - Level 5.0 Shields
 + Level 3.5 Spellcasting
 - Level 3.3 Invocations


You had 13 spell levels left.
You knew the following spells:

 Your Spells              Type           Power      Damage    Failure   Level
a - Summon Small Mammal   Summ           8%         N/A       22%         1
b - Animate Skeleton      Necr           4%         N/A       22%         1

Your spell library contained the following spells:

 Spells                   Type           Power      Damage    Failure   Level
 Apportation              Tloc           4%         N/A       22%         1
 Static Discharge         Conj/Air       2%         N/A       34%         2
 Call Canine Familiar     Summ           2%         N/A       56%         3
 Ozocubu's Armour         Ice            2%         N/A       56%         3
 Summon Guardian Golem    Hex/Summ       2%         N/A       56%         3
 Lightning Bolt           Conj/Air       1%         1d12      99%         5
 Metabolic Englaciation   Hex/Ice        1%         N/A       99%         5
 Simulacrum               Ice/Necr       1%         N/A       100%        6
 Maxwell's Capacitive Co  Air            1%         ∞         100%        8


Dungeon Overview and Level Annotations

Branches:
Dungeon (7/15)             Temple (1/1) D:6

Altars:
Ashenzari
Cheibriados
Dithmenos
Elyvilon
Fedhas
Gozag
Hepliaklqana
Kikubaaqudgha
Makhleb
Nemelex Xobeh
Okawaru
Ru
Sif Muna
Trog
Uskayaw
Vehumet
Wu Jian
Yredelemnul
Zin
The Shining One

Annotations:
D:7 Joseph


Innate Abilities, Weirdness & Mutations

You sometimes gain a little power by taking damage.
Spells you cast may paralyse nearby enemies.
You have a small tail.


Message History

Joseph is heavily wounded.
Joseph hits you with a +4 quarterstaff!
* * * LOW HITPOINT WARNING * * *
Joseph completely misses you.
You closely miss Joseph.
Joseph is heavily wounded.
Joseph says, "I've waited for this moment for such a long time."
Joseph barely misses you.
Joseph unwields a +4 quarterstaff.
Joseph wields a +0 hunting sling.
Joseph shoots a sling bullet.
The sling bullet closely misses you.
You bump into the rock wall.
You're too confused to aim your attacks!
Unknown command.
You bump into the rock wall.
Joseph shoots a sling bullet.
The sling bullet hits you.
You bump into the rock wall.
Joseph shoots a sling bullet.
The sling bullet barely misses you.
You feel less invigorated.
You feel less confused.
Joseph shoots a sling bullet.
The sling bullet hits you.
You reach to attack!
You hit Joseph but do no damage.
Joseph is heavily wounded.
Joseph shoots a sling bullet.
You block the sling bullet.
You reach to attack!
You completely miss Joseph.
Joseph is heavily wounded.
Joseph shoots a sling bullet.
The sling bullet hits you!
You are too injured to fight recklessly!
You are too injured to fight recklessly!
You are too injured to fight recklessly!
Joseph unwields a +0 hunting sling.
Joseph wields a +4 quarterstaff.
Joseph hits you with a +4 quarterstaff.
You closely miss Joseph. You tail-slap Joseph.
Joseph is heavily wounded.
Joseph hits you with a +4 quarterstaff!
* * * LOW HITPOINT WARNING * * *
Joseph unwields a +4 quarterstaff.
Joseph wields a +0 hunting sling.
Joseph shoots a sling bullet.
You block the sling bullet.
There is a stone staircase leading up, spattered with blood here.
Joseph shoots a sling bullet.
The sling bullet hits you!
You die...

###### .....# ...#.# ..#..#
.#Z..# .....# ############
#....# #...##.....# #####
.#...# #...##...@.# #....
..#.)# #...##.....# #....
...#.###...##..@..######
#....
....##.....##..........#
#....
.....#.....####.##.....####
####.
...#...#....###.##........#
#.
..#...#.#...#.).##.........
#.
.#.....#......#.##.....##..
#. .........####...########
...####.


You could see Joseph.

Vanquished Creatures
  A two-headed ogre (D:5)
  A hornet zombie (D:6)
  A sky beast (D:6)
  A black bear (D:6)
  An orc warrior (D:6)
  A necrophage (D:6)
  5 ogres
  A centaur (D:7)
  A bullfrog (D:6)
  2 scorpions
  A howler monkey (D:5)
  A bullfrog zombie (D:5)
  3 hounds
  3 jellies
  A gnoll shaman (D:4)
  Crazy Yiuf (D:6)
  Jessica (D:2)
  3 iguanas
  2 orc wizards
  2 hound skeletons (D:5)
  13 gnolls
  6 adders
  A white imp (D:5)
  A worm (D:2)
  A dart slug (D:1)
  15 orcs
  An endoplasm (D:2)
  4 giant cockroaches
  2 goblins
  13 hobgoblins
  2 jackals (D:2)
  6 kobolds
  6 ball pythons
  2 bats
  2 frilled lizards
  3 rats
111 creatures vanquished.

Vanquished Creatures (collateral kills)
  3 gnolls (D:5)
3 creatures vanquished.

Grand Total: 114 creatures vanquished

Notes
Turn   | Place    | Note
-------+----------+-------------------------------------------
     0 | Abyss:1  | solopath the Demonspawn Abyssal Knight began the quest for
                  | the Orb.
     0 | Abyss:1  | Reached XP level 1. HP: 18/18 MP: 2/2
    50 | Abyss:1  | Noticed a small abomination
    55 | D:1      | Escaped the Abyss
   299 | D:1      | Reached skill level 2 in Polearms
   401 | D:1      | Gained mutation: Spells you cast may paralyse adjacent
                  | enemies. [demonic ancestry]
   401 | D:1      | Reached XP level 2. HP: 24/24 MP: 4/4
   800 | D:2      | Reached * piety under Lugonu
   990 | D:2      | Reached XP level 3. HP: 26/29 MP: 5/5
  1060 | D:2      | Reached skill level 3 in Polearms
  1595 | D:2      | Found a faded altar of an unknown god.
  1874 | D:2      | Noticed Jessica
  1883 | D:2      | Killed Jessica
  1884 | D:2      | Gained mutation: You have a small tail. [demonic ancestry]
  1884 | D:2      | Reached XP level 4. HP: 18/35 MP: 6/6
  2305 | D:3      | Learned a level 1 spell: Summon Small Mammal
  2320 | D:3      | Reached skill level 1 in Shields
  3081 | D:3      | Reached skill level 4 in Polearms
  3316 | D:3      | Found a broken altar of Ashenzari.
  3745 | D:4      | Gained mutation: Spells you cast may paralyse nearby
                  | enemies. [demonic ancestry]
  3745 | D:4      | Reached XP level 5. HP: 31/41 MP: 7/7
  3840 | D:4      | Noticed an ogre
  4029 | D:3      | Reached ** piety under Lugonu
  4238 | D:4      | Killed an ogre
  4239 | D:4      | Reached skill level 5 in Polearms
  4239 | D:4      | Reached XP level 6. HP: 32/47 MP: 8/8
  4801 | D:5      | Entered Level 5 of the Dungeon
  4909 | D:5      | Noticed a two-headed ogre
  4929 | D:5      | Killed a two-headed ogre
  4930 | D:5      | Reached skill level 7 in Polearms
  4930 | D:5      | Reached XP level 7. HP: 9/52 MP: 9/9
  5363 | D:4      | Reached XP level 8. HP: 26/58 MP: 10/10
  6265 | D:5      | Learned a level 1 spell: Animate Skeleton
  6664 | D:6      | Reached skill level 8 in Polearms
  6664 | D:6      | Reached skill level 5 in Shields
  6965 | D:6      | Reached skill level 1 in Spellcasting
  7631 | D:6      | Found a staircase to the Ecumenical Temple.
  7640 | Temple   | Entered the Ecumenical Temple
  7918 | D:6      | Found a runed translucent door.
  7919 | D:6      | Noticed Crazy Yiuf
  8195 | D:6      | Identified a scroll of acquirement
  8195 | D:6      | Acquired 1229 gold pieces
  8303 | D:6      | Reached skill level 9 in Polearms
  8303 | D:6      | Gained mutation: You sometimes gain a little power by
                  | taking damage. [demonic ancestry]
  8303 | D:6      | Reached XP level 9. HP: 46/63 MP: 12/12
  8839 | D:7      | Noticed Joseph
  9451 | D:6      | Killed Crazy Yiuf
  9756 | D:7      | HP: 2/63 [Joseph/sling bullet (9)]
 10100 | D:7      | Shot with a sling bullet by Joseph

Illustrated notes

Levels and vault maps discovered:
D:1:      minmay_arrival_doors, layout_loops_cross
D:2:      layout_loops_ring, ebering_ecumenical_altar_hall, minivault_11,
          amcnicky_mini_rare_corridor_liquid, mrwooster_statue_mirror,
          uniq_jessica
D:3:      layout_loops_ring, mainiacjoe_overflow_big_doors
D:4:      layout_basic, hangedman_decor_diamond_cutter
D:5:      layout_cave_pools
D:6:      layout_basic, minmay_temple_entry_antechambers,
          uniq_crazy_yiuf_cottage
D:7:      layout_rooms, hangedman_decor_slide_cut, uniq_joseph
Temple:   mainiacjoe_temple_coin_purse

Skill      XL: |  1  2  3  4  5  6  7  8  9 |
---------------+----------------------------+-----
Polearms       | 2 3 4 5 7 9 |  9.7
Invocations    | 3 |  3.3
Shields        | 1 2 4 5 |  5.0
Spellcasting   | 2 3 |  3.5
Fighting       | |  3.0
Armour         | |  1.7
Dodging        | |  0.8

Action                   |  1- 3 |  4- 6 |  7- 9 || total
-------------------------+-------+-------+-------++-------
Melee: Spear             |   152 |   197 |   387 ||   736
       Tailslap          |       |    14 |    51 ||    65
Throw: Throwing net      |       |       |     3 ||     3
 Cast: Summon Small Mamm |       |     1 |     3 ||     4
       Animate Skeleton  |       |       |    11 ||    11
Invok: Depart the Abyss  |     1 |       |       ||     1
       Bend Space        |       |     1 |     2 ||     3
Evoke: Wand              |       |     7 |    14 ||    21
  Use: Potion            |       |     3 |     2 ||     5
       Scroll            |       |     3 |     8 ||    11
 Stab: Sleeping          |     1 |     2 |       ||     3
       Paralysed         |       |    33 |     4 ||    37
       Held in net/web   |       |       |     1 ||     1
Armor: Leather armour    |    43 |    42 |    59 ||   144
Dodge: Dodged            |    68 |    43 |    96 ||   207
Block: Buckler           |     4 |    33 |   108 ||   145

Table legend: (Time is in decaauts)
 A = Elapsed time spent in this place.
 B = Non-inter-level travel time spent in this place.
 C = Inter-level travel time spent in this place.
 D = Time resting spent in this place.
 E = Time spent auto-exploring this place.
 F = Levels seen in this place.
 G = Mean time per level.
                   A        B        C        D        E       F      G
               +--------+--------+--------+--------+--------+-----+--------+
         Total |   9976 |   9673 |    303 |   2752 |   4975 |   9 | 1108.4 |
       Dungeon |   9678 |   9389 |    289 |   2752 |   4736 |   7 | 1382.6 |
        Temple |    242 |    228 |     14 |      0 |    216 |   1 |  242.0 |
         Abyss |     55 |     55 |      0 |      0 |     23 |   1 |   55.0 |
               +--------+--------+--------+--------+--------+-----+--------+

Top non-repeatable levels by time:
     D:6: 2496 daAuts
     D:2: 1503 daAuts
     D:4: 1472 daAuts
     D:5: 1463 daAuts
     D:3: 1444 daAuts
     D:1: 735 daAuts
     D:7: 563 daAuts
  Temple: 242 daAuts
 Abyss:1: 55 daAuts
